 Dungeon Crawl Stone Soup version 0.21-a0-364-gbd1fde4 (webtiles) character file.

196 Hasart the Chiller (level 5, 0/31 HPs)
             Began as an Octopode Ice Elementalist on Oct 14, 2017.
             Slain by a gnoll sergeant
             ... wielding a +2 trident of flaming
              (1 damage)
             ... on level 3 of the Dungeon.
             The game lasted 00:05:11 (4115 turns).

Hasart the Chiller (Octopode Ice Elementalist)      Turns: 4115, Time: 00:05:11

Health: 0/31       AC:  1    Str:  7    XL:     5   Next: 74%
Magic:  0/9        EV: 13    Int: 18    God:
Gold:   157        SH:  0    Dex: 13    Spells: 2/10 levels left

rFire    . . .     SeeInvis .   e - +0 mace
rCold    . . .     Gourm    .   (no shield)
rNeg     . . .     Faith    .   (helmet restricted)
rPois    .         Spirit   .   (no amulet)
rElec    .         Reflect  .   (no ring)
rCorr    .         Harm     .   (no ring)
MR       .....                  (no ring)
Stlth    +++.......             (no ring)
HPRegen  0.10/turn              (no ring)
MPRegen  0.11/turn              (no ring)
                                (no ring)
                                (no ring)

@: no status effects
A: almost no armour, stealthy swim, amphibious, 8 rings, constrict 8, camouflage
1, gelatinous body 1
a: no special abilities


You were on level 3 of the Dungeon.
You were hungry.

You visited 1 branch of the dungeon, and saw 3 of its levels.

You collected 157 gold pieces.

Inventory:

Hand Weapons
 e - a +0 mace (weapon)
Armour
 f - a +0 buckler
Scrolls
 l - a scroll of recharging {unknown}
 n - a scroll of enchant weapon {unknown}
 r - a scroll of identify {unknown}
Potions
 c - a potion of curing {unknown}
 d - 2 potions of mutation {unknown}
 g - a potion of magic {unknown}
 h - a potion of cancellation {unknown}
 i - a potion of agility {unknown}
 j - a potion of lignification {unknown}
 o - a potion of heal wounds {unknown}
Books
 a - a book of Frost

   Spells                             Type                      Level
   a - Freeze                         Ice                          1
   b - Throw Frost                    Conjuration/Ice              2
   c - Ozocubu's Armour               Charms/Ice                   3
   d - Throw Icicle                   Conjuration/Ice              4
   e - Summon Ice Beast               Ice/Summoning                4
Comestibles
 b - 2 bread rations
 k - a fruit
 m - 2 meat rations


   Skills:
 - Level 2.1 Dodging
 - Level 2.9 Stealth
 + Level 2.0 Shields
 + Level 3.2 Spellcasting
 - Level 1.0 Conjurations
 * Level 4.8 Ice Magic


You had 2 spell levels left.
You knew the following spells:

 Your Spells              Type           Power        Failure   Level  Hunger
a - Freeze                Ice            ###.         2%          1    None
b - Throw Icicle          Conj/Ice       ##......     43%         4    ####...
c - Ozocubu's Armour      Chrm/Ice       ##......     19%         3    ###....


Dungeon Overview and Level Annotations

Branches:
Dungeon (3/15)

Altars:
Ashenzari
Okawaru


Innate Abilities, Weirdness & Mutations

You cannot wear most types of armour.
You are very stealthy in the water. (Stealth+)
You are amphibious.
You can wear up to eight rings at the same time.
You can use your tentacles to constrict eight enemies at once.
Your skin changes colour to match your surroundings (Stealth+).
Your rubbery body absorbs attacks. (AC +1, EV +1)


Message History

Aiming: Freeze
Press: ? - help, Shift-Dir - straight line, f/p - gnoll sergeant
Aim: a gnoll sergeant, wielding a trident of flaming, wearing a ring mail and wearing a shield (heavily wounded)
You freeze the gnoll sergeant.
The gnoll sergeant is severely wounded.
The gnoll sergeant hits you but does no damage.
Casting: Freeze
Confirm with . or Enter, or press ? or * to list all spells.
Aiming: Freeze
Press: ? - help, Shift-Dir - straight line, f/p - gnoll sergeant
Aim: a gnoll sergeant, wielding a trident of flaming, wearing a ring mail and wearing a shield (severely wounded)
You freeze the gnoll sergeant.
The gnoll sergeant is almost dead.
The gnoll sergeant barely misses you.
The gnoll sergeant blocks your attack. x2; You squeeze the gnoll sergeant.
The gnoll sergeant is almost dead.
The gnoll sergeant hits you with a trident of flaming!
* * * LOW HITPOINT WARNING * * *
The gnoll sergeant burns you.
You die...

######.####.#.####.#
#...........#.##.#.# ..
#[####.###.........# #.#
#.####.#......# #.##
#.#....#.##.### ###...
#.#.####.##.####
(##..#######.#.# #.#.....#
...............####.#.....#
.#.#.#######...g@<..#..[..#
...<.).รท...##.####........#
.#g#.#####.##...g..#......#
..>#.# #g#######...##.#######
.#.#.# #.# ##...........#
...#.#####.########.##..#####.#
...#....................# #.#
.......[............#.#.# #.#
...........########.#.#.# #)#


You could see a gnoll sergeant.

Vanquished Creatures
  An orc priest (D:3)
  An orc wizard (D:3)
  3 adders
  4 gnolls
  An ooze (D:2)
  A worm (D:2)
  2 dart slugs (D:1)
  A leopard gecko (D:1)
  2 orcs
  3 giant cockroaches
  7 goblins
  7 hobgoblins
  5 jackals
  2 quokkas (D:2)
  5 bats
  5 frilled lizards
  8 kobolds
  9 rats
67 creatures vanquished.

Notes
Turn   | Place    | Note
-------+----------+-------------------------------------------
     0 | D:1      | Hasart the Octopode Ice Elementalist began the quest for the Orb.
     0 | D:1      | Reached XP level 1. HP: 11/11 MP: 3/3
   240 | D:1      | Reached XP level 2. HP: 14/17 MP: 5/5
   824 | D:1      | Reached XP level 3. HP: 7/21 MP: 1/6
  1611 | D:2      | Found a shattered altar of Ashenzari.
  2249 | D:2      | Reached skill level 1 in Shields
  2249 | D:2      | Reached XP level 4. HP: 20/27 MP: 0/7
  2319 | D:2      | Learned a level 4 spell: Throw Icicle
  2323 | D:2      | Learned a level 3 spell: Ozocubu's Armour
  2504 | D:2      | Reached skill level 4 in Ice Magic
  2591 | D:2      | Found a faded altar of an unknown god.
  2640 | D:2      | Found an iron altar of Okawaru.
  2915 | D:3      | Noticed a gnoll sergeant
  3260 | D:3      | Reached XP level 5. HP: 22/31 MP: 5/9
  4115 | D:3      | HP: 1/31 [gnoll sergeant/trident of flaming (10)]
  4115 | D:3      | Slain by a gnoll sergeant

Vault maps used:
D:1:      dpeg_arrival_rooms_a
D:2:      kennysheep_okawaru_gauntlet, chequers_ecumenical_altar_twisty,
          grunt_decor_arrowhead, ashenzari_altar_1
D:3:      first_bread

Skill      XL: |  1  2  3  4  5 |
---------------+----------------+-----
Shields        | 1 2 |  2.0
Ice Magic      | 4 |  4.8
Spellcasting   | 3 |  3.2
Dodging        | |  2.1
Stealth        | |  2.9
Conjurations   | |  1.0

Action                   |  1- 3 |  4- 6 || total
-------------------------+-------+-------++-------
Melee: Unarmed           |    10 |       ||    10
       Constrict         |    20 |     9 ||    29
       Tentacles         |     9 |     5 ||    14
       Mace              |    69 |    34 ||   103
 Cast: Freeze            |    13 |    34 ||    47
       Ozocubu's Armour  |       |     2 ||     2
       Throw Icicle      |       |     2 ||     2
 Stab: Sleeping          |    12 |     1 ||    13
  Eat: Chunk             |     4 |     4 ||     8
       Royal jelly       |       |     1 ||     1
Armor: Skin              |    10 |     9 ||    19
Dodge: Dodged            |    52 |    39 ||    91

Table legend:
 A = Spawn XP
 B = Non-spawn XP
 C = Spawn XP percentage of total XP
 D = Spawn monster count
 E = Non-spawn monster count
 F = Spawn count percentage of total count
 G = Total turns spent on level
                    A         B        C        D         E        F      G
               +---------+---------+-------+---------+---------+-------+---------
         Total |       0 |     280 |   0.0 |       0 |      67 |   0.0 |  4115
               +---------+---------+-------+---------+---------+-------+---------
           D:1 |       0 |      50 |   0.0 |       0 |      30 |   0.0 |  1599
           D:2 |       0 |      71 |   0.0 |       0 |      21 |   0.0 |  1836
           D:3 |       0 |     159 |   0.0 |       0 |      16 |   0.0 |   680
               +---------+---------+-------+---------+---------+-------+---------
